 Dungeon Crawl Stone Soup version 0.28.0-49-g6dfe1f597d (webtiles) character file.

Game seed: 7869911604452139550

22 Zeld the Conjurer (level 2, -2/23 HPs)
             Began as a Draconian Conjurer on May 17, 2022.
             Slain by a gnoll
             ... wielding a +0 flail
              (7 damage)
             ... on level 1 of the Dungeon.
             The game lasted 00:01:08 (846 turns).

Zeld the Conjurer (Draconian Conjurer)               Turns: 846, Time: 00:01:09

Health: -2/23      AC:  4    Str:  9    XL:     2   Next: 68%
Magic:  5/5        EV: 12    Int: 18    God:
Gold:   0          SH:  0    Dex:  9    Spells: 2/5 levels left

rFire   . . .      SeeInvis .   a - +2 dagger (venom)
rCold   . . .      Faith    .   (no shield)
rNeg    . . .      Spirit   .   (armour unavailable)
rPois   .          Reflect  .   (helmet restricted)
rElec   .          Harm     .   (no cloak)
rCorr   .          Rampage  .   (no gloves)
Will    .....                   (no boots)
Stlth   ++........              (no amulet)
HPRegen 0.07/turn               (no ring)
MPRegen 0.09/turn               (no ring)

@: no status effects
A: AC +4, unfitting armour, cold-blooded
a: no special abilities


You were on level 1 of the Dungeon.
You visited 1 branch of the dungeon, and saw 1 of its levels.

Inventory:

Hand Weapons
 a - a +2 dagger of venom (weapon)


   Skills:
 * Level 1.1 Fighting
 + Level 1.9 Dodging
 + Level 2.0 Stealth
 * Level 2.3 Spellcasting
 * Level 4.2 Conjurations


You had 2 spell levels left.
You knew the following spells:

 Your Spells              Type           Power      Damage    Failure   Level
a - Magic Dart            Conj           68%        1d6       3%          1
b - Searing Ray           Conj           34%        2d5       4%          2

Your spell library contained the following spells:

 Spells                   Type           Power      Damage    Failure   Level
 Dazzling Flash           Conj/Hex       18%        N/A       22%         3
 Fulminant Prism          Conj/Hex       4%         3d6       58%         4
 Iskenderun's Mystic Bla  Conj/Tloc      9%         2d4       58%         4


Dungeon Overview and Level Annotations

Branches:
Dungeon (1/15)

Altars:


Innate Abilities, Weirdness & Mutations

Your plain brown scales are hard. (AC +4)
You cannot fit into any form of body armour.
You are cold-blooded and may be slowed by cold attacks.


Message History

The frilled lizard hisses angrily.
A hobgoblin and a quokka come into view.
The endoplasm freezes you.
You are frozen.
The hobgoblin shouts!
You hit the endoplasm but do no damage.
You hear a shout!
The endoplasm hits you but does no damage.
You hit the endoplasm.
The endoplasm is lightly wounded.
The endoplasm freezes you.
You are frozen.
A gnoll comes into view. It is wielding a +0 flail.
The gnoll shouts!
The endoplasm misses you.
You hit the endoplasm.
The endoplasm is poisoned.
The endoplasm is heavily wounded.
The frilled lizard closely misses you.
The endoplasm hits you but does no damage.
You hit the endoplasm.
The endoplasm looks as sick as possible!
You tail-slap the endoplasm, but do no damage.
The endoplasm is severely wounded.
You kill the endoplasm!
The frilled lizard barely misses you.
You hit the quokka but do no damage.
The quokka is poisoned.
The quokka bites you. The frilled lizard misses you.
You are too injured to fight recklessly!
You miss the quokka.
You tail-slap the quokka, but do no damage.
The quokka bites you but does no damage.
The hobgoblin hits you. The frilled lizard barely misses you.
You are too injured to fight recklessly!
The quokka bites you but does no damage.
The hobgoblin hits you.
* * * LOW HITPOINT WARNING * * *
The gnoll closely misses you.
You kill the quokka!
The gnoll hits you with a +0 flail!
You die...

..#.........#.#.###########.
# #.........#.#.#.........#.
#.........#.#.#.###.###.#.
##......#.#.#.#.#.....#.#.
##......#...#...#..<..#...
#.....l.#.#.#.#.#.....#.#.
#.......g.#.#.#.#######.#.
#.......g.#.#.#.........#.
##.....##@#.#.###########.
##.......#.#.............
....####.#)#######'######
#.### #.#............... ..
#.#####)########.#
#.................
............#.)...
.........#........
.........##.####..


You could see a gnoll, a hobgoblin and a frilled lizard.

Vanquished Creatures
  3 ball pythons (D:1)
  2 endoplasms (D:1)
  A giant cockroach (D:1)
  A goblin (D:1)
  2 hobgoblins (D:1)
  5 quokkas (D:1)
  2 bats (D:1)
  3 kobolds (D:1)
19 creatures vanquished.

Notes
Turn   | Place    | Note
-------+----------+-------------------------------------------
     0 | D:1      | Zeld the Draconian Conjurer began the quest for the Orb.
     0 | D:1      | Reached XP level 1. HP: 14/14 MP: 3/3
   144 | D:1      | Reached XP level 2. HP: 14/22 MP: 0/5
   158 | D:1      | Learned a level 2 spell: Searing Ray
   572 | D:1      | Reached skill level 1 in Fighting
   699 | D:1      | Found a faded altar of an unknown god.
   846 | D:1      | Slain by a gnoll

Illustrated notes

Levels and vault maps discovered:
D:1:      matt_arrival_refuge, layout_rooms, shapermc_ecumenical_altar_ellora

Skill      XL: |  1  2 |
---------------+-------+-----
Fighting       | 1 |  1.1
Stealth        | 2 |  2.0
Dodging        | |  1.9
Spellcasting   | |  2.3
Conjurations   | |  4.2

Action                   || total
-------------------------++-------
Melee: Unarmed           ||     4
       Dagger            ||     9
       Tailslap          ||     2
 Cast: Magic Dart        ||    21
       Searing Ray       ||     1
 Stab: Sleeping          ||     3
Armor: Skin              ||     8
Dodge: Dodged            ||    33
